 Dungeon Crawl Stone Soup version 0.29-a0-275-g389c0b56f3 (webtiles) character file.

Game seed: 3920987049316933918

130 Anunax the Cutter (level 5, -1/33 HPs)
             Began as a Kobold Berserker on Mar 11, 2022.
             Was a Believer of Trog.
             Slain by a mummy (10 damage)
             ... in an ossuary.
             The game lasted 00:09:30 (3030 turns).

Anunax the Cutter (Kobold Berserker)                Turns: 3030, Time: 00:09:31

Health: -1/33      AC:  2    Str: 14    XL:     5   Next: 36%
Magic:  5/5        EV: 15    Int:  9    God:    Trog [**....]
Gold:   170        SH:  0    Dex: 16    Spells: 4/4 levels left

rFire   . . .      SeeInvis .   a - +0 short sword
rCold   . . .      Faith    .   (no shield)
rNeg    . . .      Spirit   .   b - +0 animal skin
rPois   .          Reflect  .   (no helmet)
rElec   .          Harm     .   (no cloak)
rCorr   .          Rampage  .   (no gloves)
Will    ++...                   (no boots)
Stlth   ++........              (no amulet)
HPRegen 1.11/turn               (no ring)
MPRegen 0.09/turn               (no ring)

@: strong-willed, on berserk cooldown, regenerating, very slow
A: small, no large weapons, nightstalker 3
a: Renounce Religion, Berserk, Trog's Hand


You were in an ossuary.
You worshipped Trog.
Trog was pleased with you.
You visited 1 branch of the dungeon, and saw 4 of its levels.
You also visited: Ossuary.

You collected 170 gold pieces.

Inventory:

Hand Weapons
 a - a +0 short sword (weapon)
Armour
 b - a +0 animal skin (worn)
Magical Staves
 f - a staff of conjuration
Jewellery
 o - a ring of protection from fire
Scrolls
 c - 6 scrolls of identify {unknown}
 d - 4 scrolls of torment {unknown}
 g - a scroll of teleportation {unknown}
 h - a scroll of summoning {unknown}
 j - a scroll of fear {unknown}
 l - a scroll of magic mapping {unknown}
 n - a scroll of amnesia {unknown}
 p - a scroll of silence {unknown}
 q - a scroll of enchant weapon {unknown}
 s - a scroll of vulnerability {unknown}
Potions
 e - 3 potions of might {unknown}
 i - a potion of ambrosia {unknown}
 k - 2 potions of attraction {unknown}
 m - 2 potions of curing {unknown}
 r - a potion of degeneration {unknown}
 t - a potion of heal wounds {unknown}


   Skills:
 + Level 4.1 Fighting
 + Level 5.0 Short Blades
 + Level 1.9 Armour
 + Level 3.2 Dodging
 + Level 3.5 Stealth


You had 4 spell levels left.
You didn't know any spells.
Your spell library was empty.

Dungeon Overview and Level Annotations

Branches:
Dungeon (4/15)            Ossuary (1/1)
 Temple: D:4-7

Altars:
Fedhas

Shops:
D:2 (


Innate Abilities, Weirdness & Mutations

You are small and have problems with some larger weapons.
You are completely attuned to the shadows.


Message History

A centaur zombie comes into view.
Your skin crawls.
You feel strong-willed. The bullfrog zombie hits you. x2
The wyvern zombie bites the withered plant!
You barely miss the bullfrog zombie.
The bullfrog zombie is moderately damaged.
The bullfrog zombie hits you. The bullfrog zombie closely misses you.
You hit the bullfrog zombie.
The bullfrog zombie is moderately damaged.
The withered plant crumbles away.
The bullfrog zombie hits you.
You hit the bullfrog zombie.
The bullfrog zombie is heavily damaged.
The bullfrog zombie completely misses you.
The bullfrog zombie barely misses you.
You closely miss the bullfrog zombie.
The bullfrog zombie is heavily damaged.
The bullfrog zombie hits you. The bullfrog zombie barely misses you.
A mummy comes into view.
You hit the bullfrog zombie.
The bullfrog zombie is heavily damaged.
The bullfrog zombie barely misses you.
You barely miss the bullfrog zombie.
The bullfrog zombie is heavily damaged.
You feel yourself speed up. The bullfrog zombie hits you. The mummy hits you.
* * * LOW HITPOINT WARNING * * *
The bullfrog zombie closely misses you.
The bullfrog zombie attacks as you move away!
The bullfrog zombie completely misses you.
The mummy closely misses you.
There is an open door here.
You hit the mummy.
The mummy is moderately damaged.
The bullfrog zombie hits you.
* * * LOW HITPOINT WARNING * * *
You enter the shallow water.
Moving in this stuff is going to be slow.
The mummy hits you!
You die... ##### #..∩# ZZ#

# #.∩.### .Z#
P. #...#.# Z.#
#≈##Z##Z##'##.
+≈.@MZ.Z≈..M..
#≈≈.#+#ZM≈#'#+
#.≈.# #P#.# #
#≈≈≈## ###≈#
≈#≈≈ ≈≈#


You could see a mummy, a bullfrog zombie, a wyvern zombie, a hornet zombie and 2
centaur zombies.

Vanquished Creatures
  A bullfrog zombie (Ossuary)
  A hound (D:4)
  A mummy (Ossuary)
  A worm (D:2)
  A dart slug (D:1)
  5 endoplasms
  2 giant cockroaches
  4 goblins
  4 hobgoblins
  3 jackals (D:2)
  3 quokkas
  10 ball pythons
  3 bats
  3 frilled lizards
  4 kobolds
  7 rats
53 creatures vanquished.

Vanquished Creatures (others)
  A withered plant (Ossuary)
1 creature vanquished.

Grand Total: 54 creatures vanquished

Notes
Turn   | Place    | Note
-------+----------+-------------------------------------------
     0 | D:1      | Anunax the Kobold Berserker began the quest for the Orb.
     0 | D:1      | Reached XP level 1. HP: 14/14 MP: 1/1
   798 | D:1      | Reached XP level 2. HP: 19/19 MP: 2/2
  1266 | D:1      | Found a faded altar of an unknown god.
  1408 | D:1      | Reached XP level 3. HP: 20/24 MP: 3/3
  1921 | D:2      | Reached ** piety under Trog
  1953 | D:2      | Reached skill level 1 in Stealth
  2069 | D:2      | You fall into a shaft and drop 1 floor!
  2203 | D:2      | Reached XP level 4. HP: 29/29 MP: 4/4
  2240 | D:2      | Found Keqoru Vif's Weapon Boutique.
  2255 | D:2      | Found a blossoming altar of Fedhas.
  2973 | D:4      | Found a sand-covered staircase.
  2979 | Ossuary  | Entered an ossuary
  2997 | Ossuary  | Reached skill level 5 in Short Blades
  2997 | Ossuary  | Reached XP level 5. HP: 33/33 MP: 5/5
  3030 | Ossuary  | Slain by a mummy

Illustrated notes

Levels and vault maps discovered:
D:1:      saegor_arrival_miasma, layout_loops_corners,
          shapermc_ecumenical_altar_mp_vishouse, item_on_display_a
D:2:      minmay_inner_zag, layout_rooms, basic_altar, serial_shops,
          nicolae_shop_bloodbath_and_beyond, lemuel_another_geyser
D:3:      layout_rooms, glass_columns_a
D:4:      minmay_evil_eye, layout_cave_pools, nicolae_ossuary_entry_monument,
          roderic_lattice_a, minmay_fractal_squares_diagonal_5, uniq_menkaure
Ossuary:  ossuary_zaba_flooded

Skill      XL: |  1  2  3  4 |
---------------+-------------+-----
Fighting       | 4 |  4.1
Stealth        | 1 3 |  3.5
Dodging        | 3 |  3.2
Short Blades   | 5 |  5.0
Armour         | |  1.9

Action                   |  1- 3 |  4- 6 || total
-------------------------+-------+-------++-------
Melee: Short sword       |   111 |    44 ||   155
       Punch             |     1 |       ||     1
Invok: Berserk           |     5 |     1 ||     6
       Trog's Hand       |       |     1 ||     1
 Stab: Sleeping          |    15 |     4 ||    19
       Distracted        |     1 |       ||     1
Armor: Animal skin       |     5 |     3 ||     8
Dodge: Dodged            |    71 |    31 ||   102

Table legend: (Time is in decaauts)
 A = Elapsed time spent in this place.
 B = Non-inter-level travel time spent in this place.
 C = Inter-level travel time spent in this place.
 D = Time resting spent in this place.
 E = Time spent auto-exploring this place.
 F = Levels seen in this place.
 G = Mean time per level.
                   A        B        C        D        E       F      G
               +--------+--------+--------+--------+--------+-----+--------+
         Total |   3074 |   3036 |     38 |    788 |   1739 |   5 |  614.8 |
       Dungeon |   3018 |   2980 |     38 |    778 |   1737 |   4 |  754.5 |
       Ossuary |     56 |     56 |      0 |     10 |      2 |   1 |   56.0 |
               +--------+--------+--------+--------+--------+-----+--------+

Top non-repeatable levels by time:
     D:1: 1664 daAuts
     D:2: 838 daAuts
     D:3: 479 daAuts
 Ossuary: 56 daAuts
     D:4: 36 daAuts
